 Dungeon Crawl Stone Soup version 0.30-a0-4-ga7cffc901d (webtiles) character file.

Game seed: 13296368772604266132

1371 enile the Magician (level 8, -2/54 HPs)
             Began as a Gnoll Wanderer on Aug 21, 2022.
             Was an Initiate of Fedhas.
             Slain by a gnoll sergeant
             ... wielding a +0 vorpal trident
              (3 damage)
             ... on level 6 of the Dungeon.
             The game lasted 00:09:55 (7755 turns).

enile the Magician (Gnoll Wanderer)                 Turns: 7755, Time: 00:09:56

Health: -2/54      AC:  7    Str:  7      XL:     8   Next: 65%
Magic:  17/17      EV:  9    Int: 22 (24) God:    Fedhas [......]
Gold:   338        SH:  4    Dex:  8 (10) Spells: 19/19 levels left

rFire   . . .      SeeInvis .    x - +3 dagger (venom)
rCold   . . .      Faith    +    v - +0 buckler
rNeg    . . .      Spirit   .    t - +0 ring mail "Put-Me-On" {Drain Will++}
rPois   .          Reflect  .    (no helmet)
rElec   .          Harm     .    c - +0 cloak
rCorr   .          Rampage  .    (no gloves)
Will    ++...                    (no boots)
Stlth   ++........               i - amulet of faith
HPRegen 0.18/turn                (no ring)
MPRegen 0.15/turn                (no ring)

@: no status effects
A: fangs 1, strong nose, distributed training, clever 2, frail 1
a: Renounce Religion


You were on level 6 of the Dungeon.
You worshipped Fedhas.
Fedhas was noncommittal.
You visited 2 branches of the dungeon, and saw 7 of its levels.

You collected 338 gold pieces.

Inventory:

Hand Weapons
 a - a +0 flail
 b - a +0 falchion
 x - a +3 dagger of venom (weapon)
Missiles
 r - 10 poisoned darts (quivered)
 s - 7 boomerangs
Armour
 c - a +0 cloak (worn)
 e - a +0 robe
 l - a +0 plate armour
 t - the +0 ring mail "Put-Me-On" (worn) {Drain Will++}
   (You found it on level 3 of the Dungeon)

   Drain:     It drains your maximum health when unequipped.
   Will:      It greatly increases your willpower.
 v - a +0 buckler (worn)
 y - the +2 ring mail "Dygebayr" {Fly}
   (You found it on level 5 of the Dungeon)

   Fly:       It grants you flight.
 A - +0 steam dragon scales
Magical Staves
 k - a staff of conjuration
Jewellery
 i - an amulet of faith (around neck)
Wands
 o - a wand of paralysis (1)
Scrolls
 g - 3 scrolls of teleportation
 h - a scroll of amnesia {unknown}
 j - a scroll of butterflies
 n - a scroll of fear {unknown}
 p - a scroll of enchant weapon
 q - a scroll of immolation {unknown}
 u - a scroll of enchant armour {unknown}
Potions
 d - a potion of attraction
 f - a potion of might {unknown}
 m - 2 potions of curing
 w - a potion of magic {unknown}
 z - a potion of heal wounds
 B - a potion of mutation


   Skills:
 + Level 4.5 Fighting
 + Level 3.6 Short Blades
 + Level 4.5 Long Blades
 + Level 3.6 Axes
 + Level 5.9 Maces & Flails
 + Level 3.6 Polearms
 + Level 3.6 Staves
 + Level 3.6 Ranged Weapons
 + Level 5.9 Throwing
 + Level 4.5 Armour
 + Level 3.6 Dodging
 + Level 4.3 Stealth
 + Level 3.6 Shields
 + Level 3.6 Unarmed Combat
 + Level 6.2 Spellcasting
 + Level 2.9 Conjurations
 + Level 2.9 Hexes
 + Level 2.9 Summonings
 + Level 2.9 Necromancy
 + Level 2.9 Translocations
 + Level 2.9 Transmutations
 + Level 2.9 Fire Magic
 + Level 2.9 Ice Magic
 + Level 2.9 Air Magic
 + Level 2.9 Earth Magic
 + Level 2.9 Poison Magic
 + Level 4.0 Invocations
 + Level 3.6 Evocations


You had 19 spell levels left.
You didn't know any spells.
Your spell library contained the following spells:

 Spells                   Type           Power      Damage    Failure   Level
 Freeze                   Ice            76%        1d9       11%         1
 Slow                     Hex            76%        N/A       11%         1
 Confusing Touch          Hex            19%        N/A       32%         3
 Conjure Flame            Conj/Fire      19%        6-21      32%         3
 Frozen Ramparts          Ice            38%        1d6       32%         3
 Gell's Gravitas          Tloc           19%        N/A       32%         3
 Ignite Poison            Fire/Tmut/Pois 19%        N/A       32%         3
 Lesser Beckoning         Tloc           19%        N/A       32%         3
 Teleport Other           Tloc           19%        N/A       32%         3
 Vampiric Draining        Necr           19%        2d7       32%         3
 Hailstorm                Conj/Ice       19%        3d6       71%         4
 Sticky Flame             Conj/Fire      19%        2d4       71%         4


Dungeon Overview and Level Annotations

Branches:
Dungeon (6/15)             Temple (1/1) D:6

Altars:
Ashenzari
Dithmenos
Elyvilon
Fedhas
Gozag
Nemelex Xobeh
Okawaru
Qazlal
Sif Muna
Trog
Uskayaw
Vehumet
Xom
Yredelemnul
The Shining One

Shops:
D:4 =

Annotations:
D:4 1 exclusion


Innate Abilities, Weirdness & Mutations

You have very sharp teeth.
Your uncanny sense of smell can sniff out nearby items.
Your experience applies equally to all skills.
Your mind is very acute. (Int +8, Str/Dex -2)
You are frail. (-10% HP)


Message History

You climb downwards.
The gnoll sergeant hits you but does no damage.
There is a stone staircase leading up here.
The gnoll sergeant closely misses you.
The gnoll shouts!
You hit the gnoll sergeant but do no damage.
The gnoll sergeant is poisoned.
You bite the gnoll sergeant, but do no damage.
You block the gnoll sergeant's attack.
You hit the gnoll sergeant.
You bite the gnoll sergeant, but do no damage.
The gnoll sergeant is lightly wounded.
You hit the gnoll sergeant but do no damage.
The gnoll sergeant looks as sick as possible!
The gnoll sergeant is lightly wounded.
The gnoll sergeant hits you with a +0 vorpal trident.
You hit the gnoll sergeant.
The gnoll sergeant looks as sick as possible!
The gnoll sergeant is moderately wounded.
The gnoll sergeant hits you with a +0 vorpal trident.
You hit the gnoll sergeant.
The gnoll sergeant is moderately wounded.
A gnoll comes into view. It is wielding a +0 flail.
You block the gnoll sergeant's attack.
You hit the gnoll sergeant but do no damage.
The gnoll sergeant looks as sick as possible!
The gnoll sergeant is heavily wounded.
The gnoll sergeant hits you with a +0 vorpal trident!
You barely miss the gnoll sergeant.
The gnoll sergeant is heavily wounded.
The gnoll sergeant hits you with a +0 vorpal trident!
The gnoll sergeant attacks as you move away!
The gnoll sergeant hits you with a +0 vorpal trident.
The gnoll sergeant hits you from afar with a +0 vorpal trident.
* * * LOW HITPOINT WARNING * * *
x2
There is a stone staircase leading up here.
The gnoll sergeant hits you from afar with a +0 vorpal trident!
* * * LOW HITPOINT WARNING * * *
You die...
Fedhas appreciates your contribution to the ecosystem.

#..........####
#..............
#.)........#
#..........# ∆
#....†.....#
#..........#
#.########.#
#..)######)#######
#.....ggg.@.......
####.#############
#.######
#...g..######
######......##
#........
#.######. #.# #.#


You could see a gnoll sergeant (extremely poisoned) and 2 gnolls.

Vanquished Creatures
  A steam dragon (D:6)
  A sky beast (D:6)
  2 black bears (D:4)
  An ogre (D:5)
  A centaur (D:5)
  A phantom (D:2)
  A bullfrog (D:6)
  2 scorpions (D:5)
  A jelly (D:6)
  A hound (D:4)
  4 orc priests
  A gnoll bouda (D:3)
  3 iguanas (D:5)
  An orc wizard (D:4)
  Robin (D:3)
  11 gnolls
  3 adders
  An ufetubus (D:6)
  3 worms
  4 dart slugs
  7 orcs
  5 bats
  5 endoplasms
  5 giant cockroaches
  3 hobgoblins
  3 jackals (D:5)
  2 quokkas
  4 ball pythons
  12 goblins
  7 kobolds
  5 rats
102 creatures vanquished.

Vanquished Creatures (others)
  10 plants
10 creatures vanquished.

Grand Total: 112 creatures vanquished

Notes
Turn   | Place    | Note
-------+----------+-------------------------------------------
     0 | D:1      | enile the Gnoll Wanderer began the quest for the Orb.
     0 | D:1      | enile set off with the following items: a +0 flail, a +0
                  | falchion, a +0 cloak, a potion of attraction, a +0 robe.
     0 | D:1      | Reached XP level 1. HP: 17/17 MP: 6/6
   616 | D:1      | Reached XP level 2. HP: 20/23 MP: 7/7
  1497 | D:2      | Reached skill level 5 in Spellcasting
  1497 | D:2      | Reached XP level 3. HP: 22/28 MP: 7/9
  1620 | D:2      | Reached skill level 1 in Invocations
  1812 | D:2      | Noticed a phantom
  1838 | D:2      | Killed a phantom
  1839 | D:2      | Reached skill level 1 in Short Blades
  1839 | D:2      | Reached skill level 1 in Axes
  1839 | D:2      | Reached skill level 1 in Polearms
  1839 | D:2      | Reached skill level 1 in Staves
  1839 | D:2      | Reached skill level 1 in Ranged Weapons
  1839 | D:2      | Reached skill level 1 in Dodging
  1839 | D:2      | Reached skill level 1 in Shields
  1839 | D:2      | Reached skill level 1 in Unarmed Combat
  1839 | D:2      | Reached skill level 1 in Conjurations
  1839 | D:2      | Reached skill level 1 in Hexes
  1839 | D:2      | Reached skill level 1 in Summonings
  1839 | D:2      | Reached skill level 1 in Necromancy
  1839 | D:2      | Reached skill level 1 in Translocations
  1839 | D:2      | Reached skill level 1 in Transmutations
  1839 | D:2      | Reached skill level 1 in Fire Magic
  1839 | D:2      | Reached skill level 1 in Ice Magic
  1839 | D:2      | Reached skill level 1 in Air Magic
  1839 | D:2      | Reached skill level 1 in Earth Magic
  1839 | D:2      | Reached skill level 1 in Poison Magic
  1839 | D:2      | Reached skill level 1 in Evocations
  1839 | D:2      | Reached XP level 4. HP: 19/34 MP: 11/11
  2100 | D:2      | Reached XP level 5. HP: 40/40 MP: 12/12
  2126 | D:2      | Found a glowing golden altar of the Shining One.
  2478 | D:2      | Became a worshipper of the Shining One
  2670 | D:3      | Identified the +0 ring mail "Put-Me-On" {Drain Will++}
  2827 | D:3      | Found a white marble altar of Elyvilon.
  3156 | D:3      | Found an iron altar of Okawaru.
  3447 | D:3      | Noticed Robin
  3609 | D:3      | Killed Robin
  3920 | D:3      | Reached XP level 6. HP: 31/47 MP: 13/13
  4089 | D:4      | Reached * piety under the Shining One
  4106 | D:4      | Reached skill level 5 in Maces & Flails
  4106 | D:4      | Reached skill level 5 in Throwing
  4265 | D:4      | Found Exid's Jewellery Shoppe.
  4390 | D:4      | Found a bloodstained altar of Trog.
  4390 | D:4      | Noticed a black bear
  4390 | D:4      | Noticed a black bear
  4505 | D:4      | Found a shimmering blue altar of Sif Muna.
  4686 | D:4      | Gained mutation: You are frail. (-10% HP) [potion of
                  | mutation]
  4686 | D:4      | Gained mutation: Your mind is acute. (Int +4, Str/Dex -1)
                  | [potion of mutation]
  4686 | D:4      | Gained mutation: Your mind is very acute. (Int +8, Str/Dex
                  | -2) [potion of mutation]
  4695 | D:4      | Killed a black bear
  4846 | D:4      | Killed a black bear
  4847 | D:4      | Reached XP level 7. HP: 34/46 MP: 15/15
  4998 | D:5      | Entered Level 5 of the Dungeon
  5602 | D:5      | Identified the +2 ring mail "Dygebayr" {Fly}
  5662 | D:5      | Found an opulent altar of Gozag.
  6504 | D:5      | Reached XP level 8. HP: 54/54 MP: 16/16
  6518 | D:5      | Found a blossoming altar of Fedhas.
  6984 | D:6      | Reached skill level 6 in Spellcasting
  7164 | D:6      | Found a staircase to the Ecumenical Temple.
  7203 | Temple   | Entered the Ecumenical Temple
  7410 | D:5      | Fell from the grace of the Shining One
  7410 | D:5      | Became a worshipper of Fedhas Madash
  7755 | D:6      | HP: 1/54 [gnoll sergeant/+0 vorpal trident (11)]
  7755 | D:6      | Slain by a gnoll sergeant

Illustrated notes

Levels and vault maps discovered:
D:1:      pf_arrival_petrified_forest, layout_basic, serial_forest,
          infiniplex_forest_3_way, infiniplex_forest_split,
          infiniplex_forest_clump_curved, infiniplex_forest_clump_cross,
          infiniplex_forest_clump_small
D:2:      layout_loops_ring, basic_altar
D:3:      layout_loops_ring, okawaru_altar_gauntlet_db,
          nicolae_elyvilon_temple_path, kennysheep_big_empty_room, uniq_robin
D:4:      layout_basic, old_standard_altar, trog_ov_bears_minmay,
          minmay_shop_enchanted_jewellery
D:5:      layout_basic, fedhas_ov_isle_minmay, grunt_gozag_statues
D:6:      layout_basic, nicolae_overflow_hidden_temple,
          minmay_temple_entry_slanted
Temple:   nicolae_temple_superstar

Skill      XL: |  1  2  3  4  5  6  7  8 |
---------------+-------------------------+-----
Spellcasting   | 5 6 |  6.2
Invocations    | 1 2 3 4 |  4.0
Short Blades   | 1 2 3 |  3.6
Axes           | 1 2 3 |  3.6
Polearms       | 1 2 3 |  3.6
Staves         | 1 2 3 |  3.6
Ranged Weapons | 1 2 3 |  3.6
Dodging        | 1 2 3 |  3.6
Shields        | 1 2 3 |  3.6
Unarmed Combat | 1 2 3 |  3.6
Conjurations   | 1 2 |  2.9
Hexes          | 1 2 |  2.9
Summonings     | 1 2 |  2.9
Necromancy     | 1 2 |  2.9
Translocations | 1 2 |  2.9
Transmutations | 1 2 |  2.9
Fire Magic     | 1 2 |  2.9
Ice Magic      | 1 2 |  2.9
Air Magic      | 1 2 |  2.9
Earth Magic    | 1 2 |  2.9
Poison Magic   | 1 2 |  2.9
Evocations     | 1 2 3 |  3.6
Fighting       | 3 4 |  4.5
Long Blades    | 3 4 |  4.5
Armour         | 3 4 |  4.5
Stealth        | 3 4 |  4.3
Maces & Flails | 5 |  5.9
Throwing       | 5 |  5.9

Action                   |  1- 3 |  4- 6 |  7- 9 || total
-------------------------+-------+-------+-------++-------
Melee: Flail             |   105 |   185 |    18 ||   308
       Bite              |     7 |    23 |    30 ||    60
       Dagger            |       |       |   136 ||   136
Throw: Boomerang         |       |    19 |     7 ||    26
       Dart              |       |       |    10 ||    10
Invok: Divine Shield     |       |     1 |     3 ||     4
Evoke: Wand              |       |       |     5 ||     5
  Use: Scroll            |     1 |     2 |     2 ||     5
       Potion            |       |     4 |     3 ||     7
 Stab: Sleeping          |     3 |       |       ||     3
       Paralysed         |       |       |     1 ||     1
Armor: Robe              |    18 |       |       ||    18
       Plate armour      |    53 |    61 |       ||   114
       Ring mail         |       |    74 |    44 ||   118
Dodge: Dodged            |    22 |    87 |    46 ||   155
Block: Buckler           |       |    31 |    31 ||    62

Table legend: (Time is in decaauts)
 A = Elapsed time spent in this place.
 B = Non-inter-level travel time spent in this place.
 C = Inter-level travel time spent in this place.
 D = Time resting spent in this place.
 E = Time spent auto-exploring this place.
 F = Levels seen in this place.
 G = Mean time per level.
                   A        B        C        D        E       F      G
               +--------+--------+--------+--------+--------+-----+--------+
         Total |   7786 |   7400 |    386 |    541 |   5604 |   7 | 1112.3 |
       Dungeon |   7661 |   7292 |    369 |    541 |   5504 |   6 | 1276.8 |
        Temple |    125 |    109 |     16 |      0 |    100 |   1 |  125.0 |
               +--------+--------+--------+--------+--------+-----+--------+

Top non-repeatable levels by time:
     D:5: 1747 daAuts
     D:1: 1539 daAuts
     D:3: 1483 daAuts
     D:4: 1244 daAuts
     D:2: 1055 daAuts
     D:6: 590 daAuts
  Temple: 125 daAuts
